 Dungeon Crawl Stone Soup version 0.29.1-15-g9cfb28693d (webtiles) character file.

Game seed: 14984588892347865422

105507 LustLizard the Brawler (level 15, -1/158 HPs)
             Began as a Troll Fighter on Mar 6, 2023.
             Was the Champion of Wu Jian.
             Slain by a bunyip (31 damage)
             ... on level 1 of the Swamp.
             The game lasted 01:06:32 (25992 turns).

LustLizard the Brawler (Troll Fighter)             Turns: 25992, Time: 01:06:33

Health: -1/158     AC: 10    Str: 34    XL:     15   Next: 94%
Magic:  14/14      EV: 11    Int: 19    God:    Wu Jian [******]
Gold:   1195       SH: 18    Dex:  9    Spells: 14/14 levels left

rFire   + . .      SeeInvis +     - Unarmed
rCold   + . .      Faith    .   b - +2 kite shield
rNeg    . . .      Spirit   .   T - +4 troll leather armour
rPois   .          Reflect  +   (helmet restricted)
rElec   .          Harm     .   d - scarf {rC+ rF+}
rCorr   .          Rampage  .   (gloves unavailable)
Will    +....                   (boots unavailable)
Stlth   +.........              n - amulet of Udayd {Reflect Int+3 SH+5 SInv}
HPRegen 1.96/turn               l - +6 ring of intelligence
MPRegen 0.14/turn               a - +6 ring of strength

@: studying Fighting, invisible
A: large, unfitting armour, claws 3, regeneration 1, shaggy fur 1, tough skin 1
a: Renounce Religion, Wall Jump, Serpent's Lash, Heavenly Storm


You were on level 1 of the Swamp.
You worshipped Wu Jian.
Wu Jian was exalted by your worship.
You visited 5 branches of the dungeon, and saw 24 of its levels.
You also visited: Ice Cave.

You collected 2267 gold pieces.
You spent 1072 gold pieces at shops.

Inventory:

Hand Weapons
 t - the +9 trident of the Little People {drain, rPois rC+}
   (You found it on level 1 of the Lair of Beasts)

   A truly terrible weapon, it drains the life of any living foe it strikes.
   rC:        It protects you from cold.
   rPois:     It protects you from poison.
Missiles
 k - 25 poisoned darts
 o - 8 javelins
 x - 18 boomerangs (quivered)
 B - a throwing net
 F - 6 curare-tipped darts
 R - 38 large rocks
Armour
 b - a +2 kite shield (worn)
 d - a scarf of resistance (worn)
 y - a +0 cloak of stealth
 T - a +4 troll leather armour (worn)
Jewellery
 a - a +6 ring of strength (right claw)
 f - a +6 ring of dexterity
 l - a +6 ring of intelligence (left claw)
 n - the amulet of Udayd (around neck) {Reflect Int+3 SH+5 SInv}
   (You found it on level 3 of the Dungeon)

   [amulet of reflection]

   It reflects blocked missile attacks.
   Int:       It affects your intelligence (+3).
   SInv:      It lets you see invisible.
   SH:        It affects your SH (+5).
 r - a ring of positive energy
 E - a ring of see invisible
 W - a ring of protection from fire
Wands
 h - a wand of flame (29)
 v - a wand of light (2)
 C - a wand of mindburst (5)
 H - a wand of digging (3)
 J - a wand of roots (13)
 Q - a wand of charming (11)
 U - a wand of polymorph (13)
Scrolls
 e - a scroll of magic mapping {unknown}
 j - 2 scrolls of torment
 p - a scroll of brand weapon
 q - 3 scrolls of silence
 A - a scroll of acquirement
 G - a scroll of immolation {unknown}
 K - a scroll of identify
 M - a scroll of poison
 O - a scroll of enchant weapon
 S - 2 scrolls of amnesia
Potions
 c - 4 potions of might
 g - a potion of heal wounds
 i - 2 potions of curing
 m - 4 potions of haste
 s - 6 potions of flight
 u - 4 potions of lignification
 w - 7 potions of brilliance
 z - a potion of invisibility
 D - 2 potions of mutation
 I - 2 potions of berserk rage
 L - a potion of resistance
 V - a potion of magic


   Skills:
 + Level 12.7 Fighting
 - Level 5.7 Throwing
 - Level 9.9 Dodging
 + Level 12.6 Shields
 * Level 18.5 Unarmed Combat


You had 14 spell levels left.
You didn't know any spells.
Your spell library contained the following spells:

 Spells                   Type           Power      Damage    Failure   Level
 Apportation              Tloc           0%         N/A       36%         1
 Summon Small Mammal      Summ           0%         N/A       36%         1
 Blink                    Tloc           0%         N/A       50%         2
 Scorch                   Fire           0%         2d5       50%         2
 Static Discharge         Conj/Air       0%         3-3/arc   50%         2
 Call Canine Familiar     Summ           0%         N/A       75%         3
 Conjure Flame            Conj/Fire      0%         6-21      75%         3
 Dazzling Flash           Conj/Hex       0%         N/A       75%         3
 Ignite Poison            Fire/Tmut/Pois 0%         N/A       75%         3
 Lesser Beckoning         Tloc           0%         N/A       75%         3
 Ozocubu's Armour         Ice            0%         N/A       75%         3
 Portal Projectile        Hex/Tloc       0%         N/A       75%         3
 Summon Guardian Golem    Hex/Summ       0%         N/A       75%         3
 Tukima's Dance           Hex            0%         N/A       75%         3
 Dispel Undead            Necr           0%         3d6       98%         4
 Flame Wave               Conj/Fire      0%         2d4       98%         4
 Leda's Liquefaction      Hex/Erth       0%         N/A       98%         4
 Olgreb's Toxic Radiance  Pois           0%         N/A       98%         4
 Passage of Golubria      Tloc           0%         N/A       98%         4
 Sticky Flame             Conj/Fire      0%         2d3       98%         4
 Fireball                 Conj/Fire      0%         3d3       100%        5
 Iskenderun's Battlesphe  Conj           0%         2d6       100%        5
 Manifold Assault         Tloc           0%         N/A       100%        5
 Metabolic Englaciation   Hex/Ice        0%         N/A       100%        5
 Summon Mana Viper        Hex/Summ       0%         N/A       100%        5
 Yara's Violent Unravell  Hex/Tmut       0%         3d3       100%        5
 Conjure Ball Lightning   Conj/Air       0%         3x3d6     100%        6
 Dispersal                Tloc           0%         N/A       100%        6
 Summon Cactus Giant      Summ           0%         N/A       100%        6
 Orb of Destruction       Conj           0%         9d5       100%        7
 Ozocubu's Refrigeration  Ice            0%         4d7       100%        7
 Ignition                 Fire           0%         3d3       100%        8


Dungeon Overview and Level Annotations

Branches:
Dungeon (15/15)            Temple (1/1) D:7            Lair (5/5) D:11
  Swamp (1/4) Lair:3        Snake (0/4) Lair:2        Slime (0/5) Lair:4
    Orc (2/2) D:10            Elf (0/3) Orc:2        Vaults (0/5) D:14
 Depths (0/4) D:15          IceCv (visited)

Altars:
Cheibriados
Elyvilon
Fedhas
Gozag
Kikubaaqudgha
Makhleb
Okawaru
Uskayaw
Wu Jian
Yredelemnul
The Shining One

Shops:
D:10 :   D:13 *   Orc:1 *   Orc:2 *=!(

Portals:
Pandemonium: Orc:2
Trove: D:14 (lose all piety)

Annotations:
D:10 exclusion: hydra
Lair:3 exclusion: hydra


Innate Abilities, Weirdness & Mutations

You are too large for most types of armour.
You have claws for hands.
Your natural rate of healing is unusually fast.
You are covered in fur. (AC +1)
You have tough skin. (AC +1)


Message History

The swamp dragon is severely wounded.
You block the swamp dragon's attack. The swamp dragon claws you.
You block the swamp dragon's attack.
You claw the tyrant leech!
The tyrant leech is heavily wounded.
The swamp dragon closely misses you.
The swamp dragon claws you but does no damage.
You block the swamp dragon's attack.
You scratch the swamp dragon but do no damage.
The swamp dragon is severely wounded.
You block the bunyip's attack. x2; The bunyip barely misses you.
The swamp dragon bites you. You block the swamp dragon's attack.
The swamp dragon misses you. The tyrant leech bites you.
The tyrant leech draws strength from your injuries!
You barely miss the swamp dragon.
The swamp dragon is severely wounded.
You mangle the bunyip!!
The bunyip is moderately wounded.
The swamp dragon bites you! The swamp dragon claws you.
* * * LOW HITPOINT WARNING * * *
The swamp dragon tramples you.
* * * LOW HITPOINT WARNING * * *
You stumble backwards!
Splash!
You fall into the shallow water.
Moving in this stuff is going to be slow.
You block the swamp dragon's attack.
The swamp dragon claws you but does no damage.
You block the swamp dragon's attack.
The swamp dragon attacks as you move away!
The swamp dragon bites you!
* * * LOW HITPOINT WARNING * * *
The swamp dragon closely misses you. The swamp dragon tramples you!
* * * LOW HITPOINT WARNING * * *
Okay, then.
Okay, then.
You fade into invisibility!
You block the swamp dragon's attack. x2; The swamp dragon closely misses you.
The bunyip barely misses you. x2; The bunyip claws you!!
You die...

♣..♣ ♣.~~~.♣.. ..♣♣..~
♣~..~... .~~.~~.♣♣♣♣
♣♣♣♣♣.~~ .!..~~.~..♣♣♣♣
♣.~~ ~~~~~~~~..~.~♣♣♣♣ ♣♣♣
♣<.§
~~~..♣♣♣~.......♣♣♣♣.♣♣♣♣♣♣
~~~....?.w.~~~~~..♣...♣♣♣♣♣
~~.~.~§~.♣Dx~~.~~§~.....§♣♣
....§~~~w♣@~~~♣~~~.♣§....~~
~~..~~~.♣♣♣♣♣♣♣♣..♣♣.~~..~~
~~§~§~~.♣ ♣♣~♣♣♣.~~~.~
(~~~~~~.. ♣♣♣ ♣♣.~~~.
.~~~~~~... ♣♣~~~.
~.......~~. ~~...♣
♣♣~.~~.~~~~. ..♣..~.
♣♣.~~~~~~~~~ ~..♣...
.~~~~~~~~~~~ ..♣♣.~


You could see a bunyip (unable to see you), a swamp dragon (unable to see you)
and a swamp worm (unable to see you).

Vanquished Creatures
  Jorgrun (Swamp:1)
  A ghost moth (shapeshifter) (D:15)
  A reaper (IceCv)
  An ettin (Orc:1)
  4 vault guards (D:14)
  4 hydras
  4 boulder beetles
  2 demonspawn (Orc:2)
  An ogre mage (D:15)
  9 two-headed ogres
  2 alligators (Swamp:1)
  2 centaur warriors
  A tengu warrior (D:14)
  10 death yaks
  2 orc high priests
  A sixfirhy (Orc:2)
  A spriggan druid (Swamp:1)
  2 swamp dragons (Swamp:1)
  5 orc knights
  A deep elf pyromancer (D:15)
  A glowing orange brain (D:15)
  A lindwurm (Lair:4)
  13 ugly things
  10 orc sorcerers (Orc:2)
  7 manticores
  9 cyclopes
  5 elephants
  A gargoyle (D:12)
  2 ice statues (IceCv)
  2 black mambas
  21 cane toads
  2 kobold demonologists (D:13)
  3 yaktaurs (D:15)
  3 komodo dragons
  An unseen horror (D:12)
  4 rime drakes
  3 anaconda simulacra (IceCv)
  An efreet (D:14)
  6 ice devils (IceCv)
  A meliai (D:14)
  5 tyrant leeches
  3 trolls
  2 polar bears
  A hornet (D:9)
  A wolf spider simulacrum (D:15)
  17 slime creatures
  45 blink frogs
  11 dream sheep (Lair:3)
  4 shadows
  3 centaur simulacra (D:14)
  4 dire elephant simulacra (IceCv)
  5 spriggans
  2 vampires
  2 wraiths
  5 wyverns
  A ynoxinul (Orc:2)
  41 yaks
  4 basilisks
  3 steam dragons
  Grum (D:11)
  13 vampire mosquitoes
  A harpy simulacrum (IceCv)
  A death yak simulacrum (IceCv)
  5 swamp worms
  3 wargs
  14 water moccasins
  An acid dragon (D:11)
  2 hydra simulacra (IceCv)
  26 orc warriors
  A swamp drake (Swamp:1)
  An ice beast (D:8)
  4 black bears
  7 ogres
  17 wolves
  16 centaurs
  A kobold brigand (D:13)
  2 phantoms (D:10)
  16 bullfrogs
  A gnoll sergeant (D:7)
  A necrophage (D:6)
  4 scorpions
  A two-headed ogre simulacrum (IceCv)
  A cane toad simulacrum (IceCv)
  12 wights
  A troll zombie (D:10)
  An elephant simulacrum (IceCv)
  2 electric eels
  A howler monkey (D:12)
  3 hounds
  2 jellies
  A gnoll bouda (D:6)
  17 orc priests
  4 iguanas
  11 orc wizards
  Natasha (thrice) (D:4)
  A spriggan simulacrum (IceCv)
  5 ogre zombies (D:10)
  18 gnolls
  2 adders (D:2)
  3 shadow imps
  2 white imps (D:6)
  An ufetubus (D:5)
  2 worms
  3 dart slugs
  82 orcs
  9 ball pythons
  10 endoplasms
  A giant cockroach (D:4)
  10 goblins
  6 hobgoblins
  10 jackals
  4 quokkas
  3 bats
  3 frilled lizards
  2 goblin skeletons (D:10)
  5 goblin zombies (D:10)
  A hobgoblin skeleton (D:10)
  A hobgoblin zombie (D:10)
  13 kobolds
  3 orc skeletons (D:10)
  7 orc zombies (D:10)
  7 rats
  A spectral orc (D:7)
723 creatures vanquished.

Vanquished Creatures (others)
  A bush (Lair:5)
  42 fungi
  136 plants
179 creatures vanquished.

Grand Total: 902 creatures vanquished

Notes
Turn   | Place    | Note
-------+----------+-------------------------------------------
     0 | D:1      | LustLizard the Troll Fighter began the quest for the Orb.
     0 | D:1      | Reached XP level 1. HP: 22/22 MP: 0/0
    93 | D:1      | Found a faded altar of an unknown god.
   155 | D:1      | Reached XP level 2. HP: 29/29 MP: 1/1
  1104 | D:2      | Reached XP level 3. HP: 36/36 MP: 2/2
  1190 | D:2      | Reached skill level 1 in Throwing
  1236 | D:2      | Reached skill level 3 in Unarmed Combat
  1611 | D:2      | Reached XP level 4. HP: 42/44 MP: 3/3
  1839 | D:3      | Identified the amulet of Udayd {Reflect Int+3 SH+5 SInv}
  2386 | D:4      | Reached XP level 5. HP: 49/53 MP: 4/4
  2534 | D:4      | Reached skill level 4 in Unarmed Combat
  2612 | D:4      | Noticed Natasha
  2627 | D:4      | Killed Natasha
  2628 | D:4      | Reached XP level 6. HP: 21/61 MP: 5/5
  2782 | D:4      | Identified the +6 spear of Xabruir {drain, Int+3 Dex+6}
  2952 | D:4      | Noticed Natasha
  2962 | D:4      | Killed Natasha
  3357 | D:4      | Noticed Natasha
  3367 | D:4      | Killed Natasha
  3395 | D:5      | Entered Level 5 of the Dungeon
  3414 | D:5      | Noticed a water moccasin
  3420 | D:5      | Killed a water moccasin
  3734 | D:5      | Reached skill level 5 in Unarmed Combat
  3734 | D:5      | Reached XP level 7. HP: 67/68 MP: 6/6
  4312 | D:5      | Found a burning altar of Makhleb.
  4747 | D:6      | Reached skill level 6 in Unarmed Combat
  4771 | D:6      | Reached XP level 8. HP: 62/78 MP: 7/7
  5065 | D:6      | Reached skill level 5 in Shields
  5136 | D:6      | Reached skill level 7 in Unarmed Combat
  5277 | D:6      | Reached skill level 5 in Fighting
  5277 | D:6      | Reached XP level 9. HP: 66/88 MP: 8/8
  5543 | D:7      | Found a staircase to the Ecumenical Temple.
  5553 | Temple   | Entered the Ecumenical Temple
  5654 | Temple   | Became a worshipper of the Wu Jian Council
  5733 | D:7      | Reached skill level 8 in Unarmed Combat
  5917 | D:7      | Reached skill level 5 in Throwing
  6147 | D:7      | Found a basalt altar of Yredelemnul.
  6608 | D:7      | Reached * piety under Wu Jian
  6802 | D:8      | Reached skill level 9 in Unarmed Combat
  7025 | D:8      | Reached XP level 10. HP: 88/98 MP: 9/9
  7722 | D:9      | Paralysed by a hornet for 2 turns
  8020 | D:10     | Entered Level 10 of the Dungeon
  8043 | D:10     | Reached ** piety under Wu Jian
  8044 | D:10     | Reached skill level 10 in Unarmed Combat
  8215 | D:10     | Noticed a five-headed hydra
  8215 | D:10     | Noticed a manticore
  8385 | D:10     | Found a staircase to the Orcish Mines.
  8615 | D:10     | Found Piona's Book Boutique.
  8656 | D:10     | Killed a manticore
  8971 | D:11     | Found a staircase to the Lair.
  8997 | D:10     | Reached *** piety under Wu Jian
  9088 | D:11     | Reached skill level 11 in Unarmed Combat
  9095 | D:11     | Reached XP level 11. HP: 59/107 MP: 10/10
  9294 | D:11     | Noticed Grum
  9310 | D:11     | Noticed a purple ugly thing
  9322 | D:11     | Killed a purple ugly thing
  9527 | D:11     | Noticed a two-headed ogre
  9545 | D:11     | Killed a two-headed ogre
  9597 | D:11     | Noticed a two-headed ogre
  9611 | D:11     | Killed a two-headed ogre
 10137 | D:11     | Killed Grum
 10315 | D:11     | Reached skill level 5 in Dodging
 10483 | D:12     | Identified the +8 halberd of Coukomano {vorpal, *Rage rPois
                  | Str+4 Int+3}
 10569 | D:12     | Noticed a two-headed ogre
 10591 | D:12     | Killed a two-headed ogre
 10592 | D:12     | Reached skill level 12 in Unarmed Combat
 10678 | D:12     | Noticed a red ugly thing
 11080 | D:12     | Noticed a boulder beetle
 11090 | D:12     | Killed a boulder beetle
 11215 | D:12     | Killed a red ugly thing
 11558 | D:12     | Reached XP level 12. HP: 119/119 MP: 11/11
 11661 | D:13     | Reached **** piety under Wu Jian
 12311 | D:13     | Noticed a boulder beetle
 12323 | D:13     | Reached skill level 13 in Unarmed Combat
 12340 | D:13     | Killed a boulder beetle
 12372 | D:13     | Noticed a centaur warrior
 12390 | D:13     | Killed a centaur warrior
 12516 | D:13     | Found Irpharilai's Assorted Antiques.
 12516 | D:13     | Noticed a boulder beetle
 12536 | D:13     | Killed a boulder beetle
 12632 | Lair:1   | Entered Level 1 of the Lair of Beasts
 12829 | Lair:1   | Noticed a five-headed hydra
 12876 | Lair:1   | Killed an eight-headed hydra
 13478 | Lair:1   | Identified the +9 trident of the Little People {drain,
                  | rPois rC+}
 13659 | Lair:2   | Found a staircase to the Snake Pit.
 13737 | Lair:2   | Noticed a four-headed hydra
 13740 | Lair:2   | Reached skill level 14 in Unarmed Combat
 13845 | Lair:2   | You fall into a shaft and drop 2 floors!
 14179 | Lair:3   | Noticed a four-headed hydra
 14195 | Lair:3   | Reached XP level 13. HP: 130/130 MP: 12/12
 14354 | Lair:3   | Found a staircase to the Swamp.
 14436 | Lair:3   | Reached ***** piety under Wu Jian
 14555 | Lair:3   | Reached skill level 10 in Shields
 15677 | Lair:2   | Reached skill level 15 in Unarmed Combat
 16601 | Lair:4   | Found a runed translucent door.
 16602 | Lair:4   | Found a staircase to the Slime Pits.
 17011 | Lair:5   | Entered Level 5 of the Lair of Beasts
 17107 | Lair:5   | Reached XP level 14. HP: 117/141 MP: 13/13
 17319 | Lair:5   | Reached ****** piety under Wu Jian
 17410 | Lair:5   | Reached skill level 10 in Fighting
 17442 | Lair:5   | Reached skill level 16 in Unarmed Combat
 17509 | Lair:5   | Identified the +0 robe "Satrayne" {Harm rC++ Dex-4 SInv}
 18844 | Orc:1    | Entered Level 1 of the Orcish Mines
 18978 | Orc:1    | Found an iron altar of Okawaru.
 19067 | Orc:1    | Found a frozen archway.
 19083 | IceCv    | Entered an ice cave
 20104 | IceCv    | Noticed a reaper
 20114 | IceCv    | Killed a reaper
 20384 | Orc:1    | Found Fiaghas Jode's Assorted Antiques.
 20587 | Orc:2    | Entered Level 2 of the Orcish Mines
 20796 | Orc:2    | Found Xiawovill's Distillery.
 20799 | Orc:2    | Found Qoghyuxkeif's General Store.
 20911 | Orc:2    | Reached skill level 17 in Unarmed Combat
 21256 | Orc:2    | Reached XP level 15. HP: 153/153 MP: 14/14
 21322 | Orc:2    | Found a staircase to the Elven Halls.
 21850 | Orc:2    | Paralysed by an orc sorcerer for 2 turns
 21861 | Orc:2    | Found Cees's Antique Weapon Shop.
 21861 | Orc:2    | Found Rerchamim's Jewellery Boutique.
 21862 | Orc:2    | Found a one-way gate leading to the halls of Pandemonium.
 21961 | Orc:2    | Bought a scroll of enchant armour for 90 gold pieces
 21961 | Orc:2    | Bought a scroll of teleportation for 36 gold pieces
 21964 | Orc:2    | Bought 2 potions of haste for 240 gold pieces
 21964 | Orc:2    | Bought a potion of invisibility for 96 gold pieces
 21964 | Orc:2    | Bought a potion of might for 48 gold pieces
 22020 | Orc:1    | Bought a diamond ring for 80 gold pieces
 22020 | Orc:1    | Bought a worn brass wand for 64 gold pieces
 22690 | D:13     | Bought a scroll of enchant armour for 232 gold pieces
 22690 | D:13     | Bought a scroll of identify for 62 gold pieces
 22690 | D:13     | Bought a scroll of fear for 124 gold pieces
 22690 | D:13     | Identified a scroll of acquirement
 23106 | D:14     | Found a gate to the Vaults.
 23138 | D:14     | Found a portal to a secret trove of treasure.
 23469 | D:14     | Got the Cyclopedia of Karma
 23912 | D:15     | Entered Level 15 of the Dungeon
 24301 | D:15     | Reached skill level 18 in Unarmed Combat
 24348 | D:15     | Found a staircase to the Depths.
 25319 | Swamp:1  | Entered Level 1 of the Swamp
 25330 | Swamp:1  | Noticed Jorgrun
 25342 | Swamp:1  | Killed Jorgrun
 25493 | Swamp:1  | Identified the +6 dagger of Defiance {freeze, rPois MP-9
                  | Dex+9}
 25992 | Swamp:1  | Slain by a bunyip

Illustrated notes

Levels and vault maps discovered:
D:1:      minmay_arrival_shattered_statue, layout_basic,
          hellmonk_ecumenical_altar_pennies_from_heaven
D:2:      wander_river, layout_basic
D:3:      layout_loops_ring, st_stairs_14, minmay_misc_feat_room
D:4:      layout_cave_pools, serial_glass, glass_columns_a, glass_columns_a,
          glass_columns_b, glass_columns_a, glass_columns_c, glass_columns_a,
          uniq_natasha
D:5:      layout_layer_cave, lemuel_crystal_altar
D:6:      layout_loops_cross
D:7:      layout_cave_pools, yredelemnul_forgotten_temple_becter, temple_statues
D:8:      layout_gridville
D:9:      layout_rooms, hangedman_abyss_or_decor_stabs
D:10:     layout_rooms, zombieorc1_lemuel, serial_shops, kennysheep_mini
D:11:     layout_gridville, minmay_lair_entry_grove, minmay_variable_closet,
          uniq_grum
D:12:     layout_basic
D:13:     layout_big_octagon, serial_shops, shop, serial_column_ruins,
          column_ruins_corridor_straight, column_ruins_grid_2,
          column_ruins_grid_3, column_ruins_columns_corner,
          column_ruins_columns_T, chequers_serial_rivers_micro_b
D:14:     minmay_wavy_crystal, layout_stronghold,
          lightli_vaults_fourway_checkpoint, palyth_stone_intersect,
          enter_trove_0
D:15:     gammafunk_enter_depths_forms, layout_irregular_city, bh_walls_and_bars
Temple:   mainiacjoe_temple_cubbyholes
Lair:1:   wad_woods_settlement, layout_regular_city, infiniplex_staircase_pool_2
Lair:2:   layout_hall_layers, dummy_snake_entry, beast_lair_carwin_3
Lair:3:   layout_regular_city, minmay_swamp_entry_worms,
          infiniplex_staircase_pool
Lair:4:   layout_loops_ring, slime_entry_2, st_stairs_13,
          grunt_forest_small_clearing_treed, grunt_megastairs_1,
          serial_bayou_shore_b
Lair:5:   minmay_lair_end_frog_pond, layout_loops_ring, serial_bayou_shore_b,
          serial_bayou_shore_b
Swamp:1:  layout_basic_swamp, evilmike_swamp_ruin_house_1, uniq_louise,
          uniq_mlioglotl, uniq_jorgrun
Orc:1:    layout_caves, serial_shops, nicolae_square_shop, portal_ice_cave_rime,
          basic_altar, okawaru_metal_pillars_3
Orc:2:    pf_orc_diabolical, layout_diamond_mine, nicolae_orc_crystal_geode

Skill      XL: |  1  2  3  4  5  6  7  8  9 10 11 12 13 14 15 |
---------------+----------------------------------------------+-----
Shields        | 3 4 5 6 7 8 9 10 11 12 | 12.6
Throwing       | 1 2 3 4 5 |  5.7
Unarmed Combat | 3 4 5 6 7 9 11 12 14 15 17 18 | 18.5
Fighting       | 3 4 5 6 7 8 9 11 12 | 12.7
Dodging        | 4 5 6 8 9 |  9.9

Action                   |  1- 3 |  4- 6 |  7- 9 | 10-12 | 13-15 || total
-------------------------+-------+-------+-------+-------+-------++-------
Melee: Unarmed           |    91 |   156 |   291 |   603 |  1273 ||  2414
       Trident           |       |       |       |       |    37 ||    37
Throw: Stone             |       |     9 |    40 |    26 |    36 ||   111
       Dart              |       |     3 |       |    22 |     8 ||    33
       Large rock        |       |       |       |       |     7 ||     7
       Boomerang         |       |       |       |       |    29 ||    29
       Javelin           |       |       |       |       |     1 ||     1
Invok: Lunge             |       |       |    17 |    38 |    81 ||   136
       Whirlwind         |       |       |       |    26 |   121 ||   147
Evoke: Wand              |       |       |       |     8 |     7 ||    15
  Use: Scroll            |     1 |     2 |     6 |    10 |    28 ||    47
       Potion            |       |     1 |       |     4 |     8 ||    13
 Stab: Sleeping          |       |       |     3 |     5 |     6 ||    14
       Invisible         |       |       |       |       |     1 ||     1
       Distracted        |       |       |       |       |     1 ||     1
Armor: Robe              |    25 |    31 |    28 |    47 |       ||   131
       Troll leather arm |       |       |       |    39 |   179 ||   218
Dodge: Dodged            |    36 |    42 |    59 |   184 |   317 ||   638
Block: Kite shield       |    19 |   107 |   180 |   445 |   796 ||  1547
       Reflection        |       |     2 |     4 |    46 |    23 ||    75
